 Dungeon Crawl Stone Soup version 0.31-a0-237-g2d982f9f85 (webtiles) character file.

Game seed: 6697061297983747283

9213 vineage the Fighter (level 11, -5/70 (73) HPs)
             Began as a Gargoyle Fighter on July 11, 2023.
             Was a High Priest of Okawaru.
             Killed from afar by an orc sorcerer (8 damage)
             ... with a bolt of fire
             ... led by an orc warlord
             ... while paralysed by an orc sorcerer
             ... on level 1 of the Orcish Mines.
             The game lasted 00:10:44 (11115 turns).

vineage the Fighter (Gargoyle Fighter)             Turns: 11115, Time: 00:10:44

HP:   -5/70 (73)    AC: 27    Str: 27    XL:     11   Next: 43%
MP:   13/13         EV:  2    Int: 10    God:    Okawaru [*****.]
Gold: 913           SH:  0    Dex: 11    Spells: 10/10 levels left

rFire   + . .        u - +11 hand axe "Leijef" {heavy, Str+6}
rCold   . . .        c - +1 buckler
rNeg    + . .        q - +0 plate armour
rPois   ∞            o - +0 helmet "Ofoudd" {rF+}
rElec   +            (no cloak)
rCorr   +            (no gloves)
SInv    .            (no boots)
Will    .....        (no amulet) Stlth
                     d - ring of resist corrosion
HPRegen 0.31/turn    p - +4 ring of protection
MPRegen 0.13/turn

%: no passive effects
@: paralysed, lightly drained
A: sickness immunity, AC +8, negative energy resistance 1, electricity
resistance, torment resistance 1, petrification resistance
a: Renounce Religion, Heroism, Finesse, Duel


You were on level 1 of the Orcish Mines.
You worshipped Okawaru.
Okawaru was extremely pleased with you.
You visited 3 branches of the dungeon, and saw 13 of its levels.

You collected 913 gold pieces.

Inventory:

Hand Weapons
 a - a +1 flail of draining
 u - the +11 hand axe "Leijef" (weapon) {heavy, Str+6}
   (You found it on level 8 of the Dungeon)

   Str:       It affects your strength (+6).
Armour
 c - a +1 buckler (worn)
 o - the +0 helmet "Ofoudd" (worn) {rF+}
   (You found it on level 6 of the Dungeon)

   rF:        It protects you from fire.
 q - a +0 plate armour (worn)
Jewellery
 d - a ring of resist corrosion (left hand)
 p - a +4 ring of protection (right hand)
 s - a ring of flight
Wands
 g - a wand of digging (4)
 l - a wand of polymorph (4)
 x - a wand of roots (17)
Scrolls
 e - 6 scrolls of enchant weapon
 f - 3 scrolls of teleportation
 h - 3 scrolls of fear
 r - a scroll of poison
 t - 2 scrolls of vulnerability
 v - a scroll of revelation
 w - a scroll of enchant armour
 y - 2 scrolls of amnesia
 z - a scroll of torment {unknown}
 A - a scroll of blinking {unknown}
Potions
 b - a potion of mutation {unknown}
 i - 4 potions of lignification
 j - 3 potions of brilliance
 k - 2 potions of heal wounds
 m - 6 potions of curing
 n - a potion of invisibility {unknown}


   Skills:
 * Level 10.5 Fighting
 + Level 10.2 Maces & Flails
 + Level 9.2 Armour
 + Level 9.1 Shields
 - Level 2.8 Invocations


You had 10 spell levels left.
You didn't know any spells.
Your spell library contained the following spells:

 Spells                   Type           Power      Damage    Failure   Level
 Freeze                   Ice            0%         1d3       98%         1
 Blink                    Tloc           0%         N/A       99%         2
 Ensorcelled Hibernation  Hex/Ice        0%         N/A       99%         2
 Lesser Beckoning         Tloc           0%         N/A       99%         2
 Momentum Strike          Conj/Tloc      0%         3d8       99%         2
 Poisonous Vapours        Pois/Air       0%         N/A       99%         2
 Frozen Ramparts          Ice            0%         1d1       100%        3
 Hailstorm                Conj/Ice       0%         3d3       100%        3
 Mephitic Cloud           Conj/Pois/Air  0%         N/A       100%        3
 Portal Projectile        Hex/Tloc       0%         N/A       100%        3
 Spider Form              Tmut/Pois      0%         N/A       100%        3
 Anguish                  Hex/Necr       0%         N/A       100%        4
 Leda's Liquefaction      Hex/Erth       0%         N/A       100%        4
 Blade Hands              Tmut           0%         N/A       100%        5
 Freezing Cloud           Conj/Ice/Air   0%         6-21      100%        5
 Lee's Rapid Deconstruct  Erth           0%         3d4*      100%        5
 Leda's Unmaking          Conj/Erth      0%         9d1       100%        6
 Tukima's Dance           Hex            Unusable   N/A       N/A         3
 Statue Form              Tmut/Erth      Unusable   N/A       N/A         6

Dungeon Overview and Level Annotations

Branches:
Dungeon (11/15)            Temple (1/1) D:5             Orc (1/2) D:9
   Lair: D:8-11

Altars:
Ashenzari
Cheibriados
Dithmenos
Elyvilon
Fedhas
Gozag
Hepliaklqana
Kikubaaqudgha
Makhleb
Nemelex Xobeh
Okawaru
Qazlal
Ru
Sif Muna
Trog
Uskayaw
Vehumet
Wu Jian
Xom
Yredelemnul
Zin
The Shining One

Shops:
D:1 [   D:6 [   D:8 *   D:9 [

Portals:
Trove: D:10 (give 5 potions of resistance)


Innate Abilities, Weirdness & Mutations

You are immune to sickness and miasma.
Your stone body is resilient. (AC +8)
You are immune to poison.
You resist negative energy. (rN+)
You are resistant to electric shocks. (rElec)
You are resistant to unholy torment.
You are immune to petrification.


Message History

The orcs go into a battle-frenzy!
The orc sorcerer casts a spell at you. The bolt of negative energy hits you!
You partially resist.
You feel drained.
The orc wizard gestures wildly while chanting.
The orc wizard flickers and vanishes!
Deactivating autopickup; reactivate with Ctrl-A.
You hear a shout!
The orc sorcerer no longer looks unusually strong.
There is a staircase back to the Dungeon here.
The orc warrior shouts!
The orc warlord roars a battlecry!
The orc sorcerer goes into a battle-frenzy!
An orc warrior comes into view. It is wielding a +0 battleaxe.
The orc throws a boomerang.
The boomerang barely misses you. The orc sorcerer casts a spell at you.
The bolt of fire hits the orc!!
The orc dies!
The bolt of fire hits you! You resist.
The ice devil hits you but does no damage.
You hear a shout!
The orc warrior shouts!
You hear a shout!
The orc sorcerer points at you and mumbles some strange words.
You suddenly lose the ability to move!
An orc comes into view. It is wielding a +0 short sword.
The ice devil barely misses you.
An orc sorcerer comes into view. It is wielding a +0 dagger.
The ice devil hits you! The ice devil freezes you!!
An orc warrior comes into view. It is wielding a +0 glaive.
The ice devil hits you!
* * * LOW HITPOINT WARNING * * *
The ice devil freezes you!
* * * LOW HITPOINT WARNING * * *
The orc warrior shouts!
The orc sorcerer points at you and mumbles some strange words.
The bolt of negative energy hits you. You partially resist.
You feel drained.
* * * LOW HITPOINT WARNING * * *
The ice devil hits you but does no damage.
The orc sorcerer casts a spell at you. The bolt of fire hits you! You resist.
You die...

#................#....
#.....#...........)...
##.........o.$..$.....
#........o..........#
##.....#.......##....
#....ho....#.####...
##.oooo.o.#### ...
#.T.#4..## .##
####@#.....# ##
#....4#.....#
#.....###...## ##..###
#...# ### ##.## ###


You could see an orc warlord, an ice devil (summoned), a troll, a warg, 2 orc
sorcerers, 3 orc warriors and an orc (strong).

Vanquished Creatures
  A two-headed ogre (D:10)
  A death yak (D:11)
  The ghost of Notanamesir the Cruncher, a novice DsGl of Gozag (D:9)
  Urug (D:11)
  A manticore (D:11)
  Maggie (D:7)
  A gargoyle (D:11)
  A troll (D:11)
  A hornet (D:3)
  Grinder (D:6)
  Prince Ribbit (D:8)
  3 wraiths
  A shadow (D:10)
  Eustachio (D:6)
  4 yaks (D:9)
  A wyvern (D:9)
  Menkaure (D:5)
  3 steam dragons
  A warg (Orc:1)
  2 acid dragons
  6 orc warriors
  4 sky beasts
  2 ice beasts (D:7)
  2 ogres
  3 centaurs (D:7)
  4 kobold brigands
  A phantom (D:7)
  2 bullfrogs
  2 scorpions (D:5)
  A howler monkey (D:8)
  3 hounds
  2 orc priests
  A jelly (D:4)
  A sleepcap (D:5)
  4 iguanas
  5 orc wizards
  4 gnolls (D:5)
  8 adders
  A shadow imp (D:5)
  A white imp (D:7)
  3 ufetubi
  2 dart slugs
  27 orcs
  12 ball pythons
  5 endoplasms
  5 giant cockroaches
  12 goblins
  9 hobgoblins
  3 jackals (D:2)
  4 quokkas
  4 bats
  2 frilled lizards (D:2)
  25 kobolds
  9 rats
207 creatures vanquished.

Vanquished Creatures (others)
  A wizard (D:8)
  A sky beast (D:8)
  An orc (Orc:1)
3 creatures vanquished.

Grand Total: 210 creatures vanquished

Notes
Turn   | Place    | Note
-------+----------+-------------------------------------------
     0 | D:1      | vineage the Gargoyle Fighter began the quest for the Orb.
     0 | D:1      | Reached XP level 1. HP: 14/14 MP: 1/1
   146 | D:1      | Reached XP level 2. HP: 19/19 MP: 2/2
   237 | D:1      | Found Huhang's Antique Armour Shoppe.
   583 | D:2      | Reached XP level 3. HP: 14/23 MP: 3/3
   771 | D:2      | Reached XP level 4. HP: 29/29 MP: 4/4
  1584 | D:3      | Reached XP level 5. HP: 33/33 MP: 5/5
  2420 | D:4      | Noticed a hornet
  2441 | D:3      | Killed a hornet
  2442 | D:3      | Reached XP level 6. HP: 10/39 MP: 6/6
  2760 | D:4      | Reached XP level 7. HP: 44/44 MP: 7/7
  2782 | D:4      | Reached skill level 5 in Maces & Flails
  2782 | D:4      | Reached skill level 5 in Armour
  3023 | D:4      | Reached skill level 5 in Fighting
  3194 | D:5      | Entered Level 5 of the Dungeon
  3221 | D:5      | Found a staircase to the Ecumenical Temple.
  3234 | D:5      | Reached skill level 5 in Shields
  3295 | Temple   | Entered the Ecumenical Temple
  3400 | Temple   | Became a worshipper of Warmaster Okawaru
  3962 | D:5      | Reached XP level 8. HP: 49/49 MP: 8/8
  4181 | D:5      | Found a snail-covered altar of Cheibriados.
  4528 | D:5      | Noticed Menkaure
  4536 | D:5      | Killed Menkaure
  4537 | D:5      | Reached skill level 1 in Invocations
  4824 | D:6      | Noticed Eustachio
  4868 | D:6      | Killed Eustachio
  4868 | D:6      | Reached * piety under Okawaru
  5002 | D:6      | Found Xiaw's Antique Armour Emporium.
  5013 | D:6      | Identified the +0 helmet "Ofoudd" {rF+}
  5321 | D:6      | Noticed Grinder
  5357 | D:6      | Killed Grinder
  5358 | D:6      | Reached XP level 9. HP: 22/55 MP: 9/11
  6059 | D:7      | Found a radiant altar of Vehumet.
  6307 | D:7      | Reached ** piety under Okawaru
  6412 | D:7      | Found a blossoming altar of Fedhas.
  6444 | D:7      | Noticed Maggie
  6457 | D:7      | Killed Maggie
  6790 | D:7      | Found an ornate altar of the Wu Jian Council.
  7010 | D:8      | Noticed Prince Ribbit
  7028 | D:8      | Killed Prince Ribbit
  7064 | D:8      | Found Cigeex's General Store.
  7104 | D:8      | Found a bloodstained altar of Trog.
  7105 | D:8      | Noticed a wizard
  7110 | D:8      | Killed a wizard
  7204 | D:8      | Reached *** piety under Okawaru
  7205 | D:8      | Reached XP level 10. HP: 52/63 MP: 12/12
  7271 | D:8      | Identified the +11 hand axe "Leijef" {heavy, Str+6}
  8077 | D:9      | Reached **** piety under Okawaru
  8171 | D:9      | Found Mipaxat's Armour Shoppe.
  8171 | D:9      | Found a staircase to the Orcish Mines.
  8722 | D:9      | Found a runed translucent gate.
  8722 | D:9      | Found a runed translucent gate.
  8722 | D:9      | Found a runed translucent gate.
  8723 | D:9      | Noticed Notanamesir's ghost (novice DsGl)
  8836 | D:9      | Killed Notanamesir's ghost
  8913 | D:10     | Entered Level 10 of the Dungeon
  9241 | D:10     | Found a hide-covered altar of Uskayaw.
  9684 | D:10     | Noticed a two-headed ogre
  9690 | D:10     | Killed a two-headed ogre
  9691 | D:10     | Reached XP level 11. HP: 63/72 MP: 10/13
  9757 | D:10     | Found a portal to a secret trove of treasure.
  9817 | D:10     | Found a sacrificial altar of Ru.
  9826 | D:10     | Found a glowing golden altar of the Shining One.
 10012 | D:11     | Noticed a manticore
 10016 | D:11     | Killed a manticore
 10017 | D:11     | Reached skill level 10 in Maces & Flails
 10124 | D:11     | Reached ***** piety under Okawaru
 10125 | D:11     | Reached skill level 10 in Fighting
 10169 | D:11     | Noticed a boulder beetle
 10564 | D:11     | Noticed Urug
 10579 | D:11     | Killed Urug
 10723 | D:11     | Noticed a death yak
 10745 | D:11     | Killed a death yak
 10923 | D:11     | Noticed a death yak
 10924 | D:11     | Noticed a death yak
 10924 | D:11     | Noticed a death yak
 10924 | D:11     | Noticed a death yak
 11050 | Orc:1    | Entered Level 1 of the Orcish Mines
 11083 | Orc:1    | Noticed a moth of wrath
 11087 | Orc:1    | Noticed an orc warlord
 11087 | Orc:1    | Noticed an orc sorcerer
 11111 | Orc:1    | Paralysed by an orc sorcerer for 5 turns
 11112 | Orc:1    | Noticed an orc sorcerer
 11114 | Orc:1    | HP: 3/70 [orc sorcerer/bolt of negative energy[an orc
                  | warlord] (6)]
 11115 | Orc:1    | Killed from afar by an orc sorcerer

Illustrated notes

Levels and vault maps discovered:
D:1:      erik_arrival_cave_to_civilisation [erik_arrival_cave_to_hall],
          layout_rooms, serial_shops, nicolae_shop_peninsula,
          minmay_tetromino_i4
D:2:      layout_basic, st_stairs_12, grunt_ministairs_2
D:3:      layout_basic, minmay_between
D:4:      layout_loops_ring, minmay_misc_feat_five, minivault_14
D:5:      corexii_shack_village, layout_basic, general_overflow_altar,
          temple_pool_b, feat_on_display, uniq_menkaure
D:6:      layout_layer_cave, serial_shops, shop, uniq_grinder, uniq_eustachio
D:7:      layout_basic, nicolae_overflow_crystal_walls, vehumet_crystals,
          fedhas_altar_fruit_tree, kennysheep_big_empty_room, uniq_maggie
D:8:      layout_rooms, trog_wizard, serial_shops, nicolae_take_the_stairs,
          minmay_misc_feat_tiny, hangedman_misty_isle, uniq_prince_ribbit1
D:9:      layout_small_grid, orc_david_3, ebering_ghost_rock_garden
D:10:     layout_grid_maze, mainiacjoe_overflow_swirl, nicolae_uskayaw_suspiria,
          enter_trove_6, serial_bayou_pond_c, minmay_misc_feat_columns,
          hangedman_decor_clover_reticule
D:11:     layout_grid_maze, dpeg_lair_monsters, uniq_urug
Temple:   jpeg_temple_clearing
Orc:1:    layout_caves, gammafunk_ghost_berserking_beasts,
          nicolae_specific_store

Skill      XL: |  1  2  3  4  5  6  7  8  9 10 11 |
---------------+----------------------------------+-----
Maces & Flails | 3 4 5 7 8 9 10 | 10.2
Fighting       | 4 5 6 7 9 10 | 10.5
Armour         | 4 5 6 7 8 9 |  9.2
Shields        | 4 5 6 7 8 9 |  9.1
Invocations    | 2 |  2.8

Action                     |  1- 3 |  4- 6 |  7- 9 | 10-12 || total
---------------------------+-------+-------+-------+-------++-------
  Melee: Flail             |   110 |   172 |   372 |    42 ||   696
         Hand axe          |       |       |       |   148 ||   148
 Invoke: Heroism           |       |       |     1 |     6 ||     7
    Use: Scroll            |       |     6 |     4 |     8 ||    18
         Potion            |       |       |     1 |       ||     1
 Armour: Scale mail        |    91 |   119 |    88 |       ||   298
         Chain mail        |       |       |    67 |       ||    67
         Plate armour      |       |       |    74 |   149 ||   223
  Dodge: Dodged            |    86 |    68 |   126 |    50 ||   330
  Block: Buckler           |    41 |    40 |    97 |    75 ||   253

Table legend: (Time is in decaauts)
 A = Elapsed time spent in this place.
 B = Non-inter-level travel time spent in this place.
 C = Inter-level travel time spent in this place.
 D = Time resting spent in this place.
 E = Time spent auto-exploring this place.
 F = Levels seen in this place.
 G = Mean time per level.
                   A        B        C        D        E       F      G
               +--------+--------+--------+--------+--------+-----+--------+
         Total |  11317 |  10657 |    660 |   1472 |   7368 |  13 |  870.5 |
       Dungeon |  11123 |  10522 |    601 |   1472 |   7285 |  11 | 1011.2 |
        Temple |    125 |     78 |     47 |      0 |     64 |   1 |  125.0 |
  Orcish Mines |     67 |     56 |     11 |      0 |     19 |   1 |   67.0 |
               +--------+--------+--------+--------+--------+-----+--------+

Top non-repeatable levels by time:
     D:9: 1573 daAuts
     D:5: 1480 daAuts
     D:3: 1358 daAuts
     D:6: 1213 daAuts
    D:10: 1141 daAuts
    D:11: 973 daAuts
     D:7: 885 daAuts
     D:2: 780 daAuts
     D:1: 580 daAuts
     D:8: 577 daAuts
     D:4: 557 daAuts
  Temple: 125 daAuts
   Orc:1: 67 daAuts
